%YAML 1.1
%TAG !u! tag:unity3d.com,2011:
--- !u!1 &510132252323772834
GameObject:
  m_ObjectHideFlags: 0
  m_CorrespondingSourceObject: {fileID: 0}
  m_PrefabInstance: {fileID: 0}
  m_PrefabAsset: {fileID: 0}
  serializedVersion: 6
  m_Component:
  - component: {fileID: 510132252323772835}
  - component: {fileID: 510132252323772838}
  - component: {fileID: 510132252323772833}
  - component: {fileID: 510132252323772832}
  m_Layer: 0
  m_Name: Introduction
  m_TagString: Untagged
  m_Icon: {fileID: 0}
  m_NavMeshLayer: 0
  m_StaticEditorFlags: 0
  m_IsActive: 1
--- !u!4 &510132252323772835
Transform:
  m_ObjectHideFlags: 0
  m_CorrespondingSourceObject: {fileID: 0}
  m_PrefabInstance: {fileID: 0}
  m_PrefabAsset: {fileID: 0}
  m_GameObject: {fileID: 510132252323772834}
  m_LocalRotation: {x: 0, y: 0, z: 0, w: 1}
  m_LocalPosition: {x: 0, y: 0, z: 0}
  m_LocalScale: {x: 1, y: 1, z: 1}
  m_ConstrainProportionsScale: 0
  m_Children: []
  m_Father: {fileID: 510132252768320007}
  m_RootOrder: 0
  m_LocalEulerAnglesHint: {x: 0, y: 0, z: 0}
--- !u!114 &510132252323772838
MonoBehaviour:
  m_ObjectHideFlags: 0
  m_CorrespondingSourceObject: {fileID: 0}
  m_PrefabInstance: {fileID: 0}
  m_PrefabAsset: {fileID: 0}
  m_GameObject: {fileID: 510132252323772834}
  m_Enabled: 1
  m_EditorHideFlags: 0
  m_Script: {fileID: 11500000, guid: 5f3342e3b18f48b3a6370cbfe5cb13c4, type: 3}
  m_Name: 
  m_EditorClassIdentifier: 
  identifier: clipping
  stepsHolder: {fileID: 0}
  endsAfterComplete: 1
  description: Principle of clipping non visible fragments.
  onBegin:
    m_PersistentCalls:
      m_Calls: []
  onEnd:
    m_PersistentCalls:
      m_Calls: []
  onComplete:
    m_PersistentCalls:
      m_Calls: []
--- !u!114 &510132252323772833
MonoBehaviour:
  m_ObjectHideFlags: 0
  m_CorrespondingSourceObject: {fileID: 0}
  m_PrefabInstance: {fileID: 0}
  m_PrefabAsset: {fileID: 0}
  m_GameObject: {fileID: 510132252323772834}
  m_Enabled: 1
  m_EditorHideFlags: 0
  m_Script: {fileID: 11500000, guid: ec0b76a7489946298af4c8318bae42d0, type: 3}
  m_Name: 
  m_EditorClassIdentifier: 
  identifier: introduction
  stepsHolder: {fileID: 0}
  endsAfterComplete: 1
  description: Clipping introduction
  onBegin:
    m_PersistentCalls:
      m_Calls: []
  onEnd:
    m_PersistentCalls:
      m_Calls: []
  onComplete:
    m_PersistentCalls:
      m_Calls: []
--- !u!114 &510132252323772832
MonoBehaviour:
  m_ObjectHideFlags: 0
  m_CorrespondingSourceObject: {fileID: 0}
  m_PrefabInstance: {fileID: 0}
  m_PrefabAsset: {fileID: 0}
  m_GameObject: {fileID: 510132252323772834}
  m_Enabled: 1
  m_EditorHideFlags: 0
  m_Script: {fileID: 11500000, guid: ec0b76a7489946298af4c8318bae42d0, type: 3}
  m_Name: 
  m_EditorClassIdentifier: 
  identifier: exploration
  stepsHolder: {fileID: 0}
  endsAfterComplete: 1
  description: Clipping exploration
  onBegin:
    m_PersistentCalls:
      m_Calls: []
  onEnd:
    m_PersistentCalls:
      m_Calls: []
  onComplete:
    m_PersistentCalls:
      m_Calls: []
--- !u!1 &510132252768320006
GameObject:
  m_ObjectHideFlags: 0
  m_CorrespondingSourceObject: {fileID: 0}
  m_PrefabInstance: {fileID: 0}
  m_PrefabAsset: {fileID: 0}
  serializedVersion: 6
  m_Component:
  - component: {fileID: 510132252768320007}
  - component: {fileID: 510132252768320004}
  m_Layer: 0
  m_Name: LU_Clipping
  m_TagString: Untagged
  m_Icon: {fileID: 0}
  m_NavMeshLayer: 0
  m_StaticEditorFlags: 0
  m_IsActive: 1
--- !u!4 &510132252768320007
Transform:
  m_ObjectHideFlags: 0
  m_CorrespondingSourceObject: {fileID: 0}
  m_PrefabInstance: {fileID: 0}
  m_PrefabAsset: {fileID: 0}
  m_GameObject: {fileID: 510132252768320006}
  m_LocalRotation: {x: 0, y: 0, z: 0, w: 1}
  m_LocalPosition: {x: 0, y: 0, z: 0}
  m_LocalScale: {x: 1, y: 1, z: 1}
  m_ConstrainProportionsScale: 0
  m_Children:
  - {fileID: 510132252323772835}
  - {fileID: 510132253775249071}
  m_Father: {fileID: 0}
  m_RootOrder: 0
  m_LocalEulerAnglesHint: {x: 0, y: 0, z: 0}
--- !u!114 &510132252768320004
MonoBehaviour:
  m_ObjectHideFlags: 0
  m_CorrespondingSourceObject: {fileID: 0}
  m_PrefabInstance: {fileID: 0}
  m_PrefabAsset: {fileID: 0}
  m_GameObject: {fileID: 510132252768320006}
  m_Enabled: 1
  m_EditorHideFlags: 0
  m_Script: {fileID: 11500000, guid: 1cb751f3fa55450c8d75c62efdc05914, type: 3}
  m_Name: 
  m_EditorClassIdentifier: 
  identifier: clipping
  stepsHolder: {fileID: 0}
  endsAfterComplete: 0
  description: Introduction into clipping
  onBegin:
    m_PersistentCalls:
      m_Calls: []
  onEnd:
    m_PersistentCalls:
      m_Calls: []
  onComplete:
    m_PersistentCalls:
      m_Calls: []
--- !u!1 &510132253775249070
GameObject:
  m_ObjectHideFlags: 0
  m_CorrespondingSourceObject: {fileID: 0}
  m_PrefabInstance: {fileID: 0}
  m_PrefabAsset: {fileID: 0}
  serializedVersion: 6
  m_Component:
  - component: {fileID: 510132253775249071}
  - component: {fileID: 510132253775249069}
  - component: {fileID: 510132253775249068}
  m_Layer: 0
  m_Name: 'Clipping: Selecting next stage'
  m_TagString: Untagged
  m_Icon: {fileID: 0}
  m_NavMeshLayer: 0
  m_StaticEditorFlags: 0
  m_IsActive: 1
--- !u!4 &510132253775249071
Transform:
  m_ObjectHideFlags: 0
  m_CorrespondingSourceObject: {fileID: 0}
  m_PrefabInstance: {fileID: 0}
  m_PrefabAsset: {fileID: 0}
  m_GameObject: {fileID: 510132253775249070}
  m_LocalRotation: {x: -0, y: -0, z: -0, w: 1}
  m_LocalPosition: {x: 0, y: 0, z: 0}
  m_LocalScale: {x: 1, y: 1, z: 1}
  m_ConstrainProportionsScale: 0
  m_Children: []
  m_Father: {fileID: 510132252768320007}
  m_RootOrder: 1
  m_LocalEulerAnglesHint: {x: 0, y: 0, z: 0}
--- !u!114 &510132253775249069
MonoBehaviour:
  m_ObjectHideFlags: 0
  m_CorrespondingSourceObject: {fileID: 0}
  m_PrefabInstance: {fileID: 0}
  m_PrefabAsset: {fileID: 0}
  m_GameObject: {fileID: 510132253775249070}
  m_Enabled: 1
  m_EditorHideFlags: 0
  m_Script: {fileID: 11500000, guid: 5f3342e3b18f48b3a6370cbfe5cb13c4, type: 3}
  m_Name: 
  m_EditorClassIdentifier: 
  identifier: 
  stepsHolder: {fileID: 0}
  endsAfterComplete: 1
  description: Selecting next stage
  onBegin:
    m_PersistentCalls:
      m_Calls: []
  onEnd:
    m_PersistentCalls:
      m_Calls: []
  onComplete:
    m_PersistentCalls:
      m_Calls: []
--- !u!114 &510132253775249068
MonoBehaviour:
  m_ObjectHideFlags: 0
  m_CorrespondingSourceObject: {fileID: 0}
  m_PrefabInstance: {fileID: 0}
  m_PrefabAsset: {fileID: 0}
  m_GameObject: {fileID: 510132253775249070}
  m_Enabled: 1
  m_EditorHideFlags: 0
  m_Script: {fileID: 11500000, guid: ec0b76a7489946298af4c8318bae42d0, type: 3}
  m_Name: 
  m_EditorClassIdentifier: 
  identifier: 
  stepsHolder: {fileID: 0}
  endsAfterComplete: 1
  description: Looking at the stage overview and selecting stage
  onBegin:
    m_PersistentCalls:
      m_Calls: []
  onEnd:
    m_PersistentCalls:
      m_Calls: []
  onComplete:
    m_PersistentCalls:
      m_Calls: []
